 Dungeon Crawl Stone Soup version 0.28.0-1-gb440e238dd (webtiles) character file.

Game seed: 119106527287294350

28345 pkoi the Destroyer (level 13, -4/102 HPs)
             Began as a Green Draconian Conjurer on Feb 21, 2022.
             Was a High Priest of Vehumet.
             Slain by a blink frog (9 damage)
             ... on level 4 of the Lair of Beasts.
             The game lasted 00:36:39 (20779 turns).

pkoi the Destroyer (Green Draconian Conjurer)      Turns: 20779, Time: 00:36:40

Health: -4/102     AC:  9    Str: 10    XL:     13   Next: 9%
Magic:  6/31       EV: 12    Int: 30    God:    Vehumet [*****.]
Gold:   677        SH:  0    Dex:  6    Spells: 5/25 levels left

rFire   + . .      SeeInvis .   B - +7 trident of Xuolaepie {flame, rPois rF+ rC++ Dex-3}
rCold   + + .      Faith    .   (no shield)
rNeg    . . .      Spirit   .   (armour unavailable)
rPois   +          Reflect  .   (helmet restricted)
rElec   .          Harm     .   (no cloak)
rCorr   .          Rampage  .   f - +0 pair of gloves
Will    .....                   (no boots)
Stlth   +.........              h - amulet of the acrobat
HPRegen 0.27/turn               e - ring of magical power
MPRegen 0.22/turn               n - +6 ring of intelligence

@: no status effects
A: breathe noxious fumes, AC +8, unfitting armour, poison resistance,
cold-blooded
a: Breathe Noxious Fumes, Renounce Religion


You were on level 4 of the Lair of Beasts.
You worshipped Vehumet.
Vehumet was extremely pleased with you.
You visited 3 branches of the dungeon, and saw 14 of its levels.

You collected 797 gold pieces.
You spent 120 gold pieces at shops.

Inventory:

Hand Weapons
 l - a +3 dagger of electrocution
 z - the +4 long sword of Joyful Slaughter {venom, rCorr MP+9}
   (You found it on level 1 of the Lair of Beasts)

   It poisons the flesh of those it strikes.
   MP:        It affects your magic capacity (+9).
   rCorr:     It protects you from acid and corrosion.
 B - the +7 trident of Xuolaepie (weapon) {flame, rPois rF+ rC++ Dex-3}
   (You found it on level 3 of the Lair of Beasts)

   It burns those it strikes, dealing additional fire damage.
   Dex:       It affects your dexterity (-3).
   rF:        It protects you from fire.
   rC:        It greatly protects you from cold.
   rPois:     It protects you from poison.
Missiles
 c - 15 poisoned darts
 m - 4 throwing nets
Armour
 f - a +0 pair of gloves (worn)
Magical Staves
 w - a staff of conjuration
Jewellery
 b - a ring of willpower
 e - a ring of magical power (left hand)
 g - a ring of protection from cold
 h - an amulet of the acrobat (around neck)
 n - a +6 ring of intelligence (right hand)
Wands
 p - a wand of flame (24)
Scrolls
 a - a scroll of enchant weapon
 t - 2 scrolls of fog
 u - a scroll of enchant armour {unknown}
 x - a scroll of teleportation
 y - 4 scrolls of identify
Potions
 d - 5 potions of heal wounds
 i - 3 potions of flight
 j - 2 potions of curing
 k - a potion of invisibility
 o - a potion of haste
 q - a potion of brilliance
 r - a potion of ambrosia
 s - a potion of resistance
 v - 2 potions of might
Miscellaneous
 A - a phantom mirror


   Skills:
 + Level 5.9 Fighting
 + Level 5.6 Dodging
 - Level 1.7 Stealth
 + Level 6.5 Spellcasting
 + Level 12.5 Conjurations
 - Level 9.0 Translocations
 - Level 6.0 Fire Magic
 + Level 6.1 Ice Magic
 + Level 8.2 Air Magic
 - Level 6.0 Poison Magic
 + Level 2.5 Evocations


You had 5 spell levels left.
You knew the following spells:

 Your Spells              Type           Power      Damage    Failure   Level
a - Magic Dart            Conj           100%       1d8       1%          1
b - Searing Ray           Conj           100%       2d8       1%          2
c - Apportation           Tloc           100%       N/A       1%          1
d - Iskenderun's Mystic   Conj/Tloc      65%        2d13      1%          4
e - Swiftness             Air            56%        N/A       1%          3
f - Poisonous Vapours     Pois/Air       100%       N/A       1%          2
g - Flame Wave            Conj/Fire      60%        2d12      1%          4
h - Frozen Ramparts       Ice            92%        1d11      1%          3

Your spell library contained the following spells:

 Spells                   Type           Power      Damage    Failure   Level
 Fireball                 Conj/Fire      30%        3d13      1%          5
 Shock                    Conj/Air       100%       1d9       1%          1
 Corpse Rot               Necr/Air       68%        N/A       1%          2
 Scorch                   Fire           90%        2d9       1%          2
 Dazzling Flash           Conj/Hex       94%        N/A       1%          3
 Gell's Gravitas          Tloc           59%        N/A       1%          3
 Lesser Beckoning         Tloc           59%        N/A       1%          3
 Teleport Other           Tloc           59%        N/A       1%          3
 Airstrike                Air            28%        N/A       1%          4
 Fulminant Prism          Conj/Hex       23%        3d13      1%          4
 Ensorcelled Hibernation  Hex/Ice        56%        N/A       2%          2
 Spider Form              Tmut/Pois      27%        N/A       4%          3
 Alistair's Intoxication  Tmut/Pois      18%        N/A       38%         5
 Anguish                  Hex/Necr       4%         N/A       45%         4
 Summon Cactus Giant      Summ           4%         N/A       100%        6


Dungeon Overview and Level Annotations

Branches:
Dungeon (9/15)             Temple (1/1) D:6            Lair (3/6) D:8
  Swamp: Lair:2-4    Shoals: Lair:2-4     Snake: Lair:2-4    Spider: Lair:2-4
    Orc: D:9-12

Altars:
Ashenzari
Cheibriados
Dithmenos
Elyvilon
Fedhas
Gozag
Hepliaklqana
Kikubaaqudgha
Makhleb
Nemelex Xobeh
Okawaru
Qazlal
Ru
Sif Muna
Trog
Uskayaw
Vehumet
Wu Jian
Xom
Yredelemnul
Zin
The Shining One

Shops:
D:4 *   D:7 [

Annotations:
D:8 1 runed translucent door
Lair:1 2 transporters


Innate Abilities, Weirdness & Mutations

You can breathe blasts of noxious fumes.
Your lurid green scales are hard. (AC +8)
You cannot fit into any form of body armour.
Your system is resistant to poisons. (rPois)
You are cold-blooded and may be slowed by cold attacks.


Message History

You start resting.
A nearby plant withers and dies.
You start resting.
A blink frog is nearby!
A blink frog is nearby!
A blink frog is nearby!
You start resting.
A blink frog is nearby!
You barely miss the blink frog.
Your tail-slap misses the blink frog.
The blink frog is severely wounded.
The blink frog blinks!
You start resting.
A blink frog is nearby!
A blink frog is nearby!
You miss the blink frog.
The blink frog is severely wounded.
The blink frog hits you!
* * * LOW HITPOINT WARNING * * *
The blink frog hits you but does no damage.
Unknown command.
Casting: Iskenderun's Mystic Blast (safe; 1% risk of failure)
Confirm with . or Enter, or press ? or * to list all spells.
Aiming: Poisonous Vapours (safe; 1% risk of failure)
Press: ? - help, Dir - move target, f - blink frog
Aim: a blink frog (severely wounded) Poisonous vapours surround the blink frog!
The blink frog is poisoned.
The blink frog blinks!
Unknown command.
Casting: Poisonous Vapours (safe; 1% risk of failure)
Confirm with . or Enter, or press ? or * to list all spells.
Aiming: Poisonous Vapours (safe; 1% risk of failure)
Press: ? - help, Dir - move target, f/p - blink frog
Aim: a blink frog (severely wounded, very poisoned) Poisonous vapours surround the blink frog!
The blink frog looks as sick as possible!
Unknown command.
You closely miss the blink frog.
The blink frog is severely wounded.
The blink frog hits you!
You die...

#### #### #..### #..#
##F...# ##.# #@#..##
##.## ###.## #P..#
#..## ##.## #.FP#
#..### #..## ##.#.#
#.†## #..##
#####...#######.##
#..###.#..##.#..P###.
##............†§.FFYF.


You could see a blink frog (extremely poisoned).

Vanquished Creatures
  Gastronok (Lair:3)
  2 hydras
  2 catoblepae
  2 boulder beetles
  6 death yaks (Lair:2)
  A deep elf pyromancer (D:7)
  9 elephants
  2 black mambas
  6 cane toads
  3 rime drakes
  2 komodo dragons
  A polar bear (Lair:2)
  14 blink frogs
  5 wraiths (D:8)
  10 fire bats (D:8)
  3 wyverns
  7 yaks
  3 basilisks
  Grum (Lair:1)
  4 humans (D:8)
  8 water moccasins
  3 sky beasts
  2 orc warriors
  2 ice beasts
  2 ogres
  A hornet zombie (D:8)
  A necrophage (D:7)
  2 centaurs
  19 wolves
  11 bullfrogs
  2 kobold brigands
  A gnoll sergeant (D:9)
  2 scorpions
  3 killer bees
  An electric eel (Lair:1)
  4 howler monkeys
  A bullfrog zombie (D:4)
  A centaur zombie (D:6)
  A bullfrog skeleton (D:6)
  A jelly (D:6)
  5 orc priests
  3 hounds
  An iguana (D:7)
  7 orc wizards
  A hound skeleton (D:4)
  A howler monkey zombie (D:6)
  Robin (D:4)
  16 gnolls
  3 adders
  A shadow imp (D:6)
  2 worms (D:2)
  2 dart slugs
  28 orcs
  4 ball pythons
  61 bats
  9 endoplasms
  3 giant cockroaches
  12 hobgoblins
  11 jackals
  19 kobolds
  A quokka (D:5)
  7 frilled lizards
  15 goblins
  7 rats
  2 bushes (Lair:1)
374 creatures vanquished.

Vanquished Creatures (others)
  26 fungi
  62 plants
88 creatures vanquished.

Grand Total: 462 creatures vanquished

Notes
Turn   | Place    | Note
-------+----------+-------------------------------------------
     0 | D:1      | pkoi the Draconian Conjurer began the quest for the Orb.
     0 | D:1      | Reached XP level 1. HP: 14/14 MP: 3/3
   224 | D:1      | Reached XP level 2. HP: 15/20 MP: 1/5
   699 | D:1      | Found a faded altar of an unknown god.
   902 | D:1      | Learned a level 2 spell: Searing Ray
   924 | D:1      | Reached skill level 5 in Conjurations
   924 | D:1      | Reached XP level 3. HP: 26/26 MP: 6/6
  1671 | D:2      | Found a blossoming altar of Fedhas.
  2529 | D:3      | Noticed a water moccasin
  2539 | D:3      | Killed a water moccasin
  2540 | D:3      | Reached skill level 6 in Conjurations
  2540 | D:3      | Reached XP level 4. HP: 30/33 MP: 6/7
  2540 | D:3      | Reached XP level 5. HP: 35/38 MP: 6/8
  3302 | D:4      | Reached skill level 7 in Conjurations
  3310 | D:3      | Reached XP level 6. HP: 38/45 MP: 9/9
  4125 | D:3      | Learned a level 1 spell: Apportation
  4130 | D:3      | Learned a level 4 spell: Iskenderun's Mystic Blast
  4170 | D:4      | Found a white marble altar of Elyvilon.
  4343 | D:4      | Found Soteur's General Store.
  4351 | D:4      | Noticed Robin
  4375 | D:4      | Reached skill level 8 in Conjurations
  4381 | D:4      | Reached skill level 1 in Translocations
  4490 | D:4      | Bought a potion of haste for 120 gold pieces
  4524 | D:4      | Killed Robin
  4657 | D:4      | Your scales start taking on a lurid green colour.
  4657 | D:4      | Reached XP level 7. HP: 38/50 MP: 10/10
  4657 | D:4      | Gained mutation: Your system is resistant to poisons.
                  | (rPois) [Green Draconian growth]
  5100 | D:4      | Found a radiant altar of Vehumet.
  5132 | D:4      | Found a bloodstained altar of Trog.
  5399 | D:4      | Became a worshipper of Vehumet
  5442 | D:5      | Entered Level 5 of the Dungeon
  6362 | D:5      | Noticed a wyvern
  6387 | D:5      | Killed a wyvern
  6494 | D:5      | Reached XP level 8. HP: 52/57 MP: 12/12
  6578 | D:5      | Reached skill level 9 in Conjurations
  7010 | D:6      | Learned a level 3 spell: Swiftness
  7117 | D:6      | Found an iron altar of Okawaru.
  7232 | D:6      | Reached skill level 1 in Air Magic
  7264 | D:6      | Reached * piety under Vehumet
  7264 | D:6      | Offered knowledge of Foxfire by Vehumet.
  7457 | D:6      | Found a staircase to the Ecumenical Temple.
  7467 | Temple   | Entered the Ecumenical Temple
  7627 | D:7      | Reached skill level 5 in Translocations
  7683 | D:7      | Found Melopro's Armour Emporium.
  7804 | D:7      | Reached skill level 1 in Fighting
  7968 | D:7      | Found a sacrificial altar of Ru.
  8335 | D:7      | Found a glowing golden altar of the Shining One.
  8348 | D:7      | Reached XP level 9. HP: 64/64 MP: 15/15
  8388 | D:7      | Noticed a deep elf pyromancer
  8402 | D:7      | Killed a deep elf pyromancer
  8403 | D:7      | Reached skill level 10 in Conjurations
  9075 | D:8      | Learned a level 2 spell: Poisonous Vapours
  9310 | D:8      | Found a hazy altar of Hepliaklqana.
  9429 | D:8      | Found a staircase to the Lair.
  9738 | D:8      | Reached skill level 1 in Poison Magic
 10127 | D:8      | Found a basalt altar of Yredelemnul.
 10277 | D:8      | Found a runed translucent door.
 10428 | D:8      | Found a hazy altar of Hepliaklqana.
 10480 | D:8      | Reached XP level 10. HP: 62/77 MP: 13/17
 10551 | D:8      | Found an iron altar of Okawaru.
 10558 | D:8      | Reached skill level 5 in Spellcasting
 10558 | D:8      | Offered knowledge of Sandblast by Vehumet.
 10559 | D:8      | Reached ** piety under Vehumet
 10627 | D:8      | Found a stormy altar of Qazlal.
 10758 | D:8      | Noticed a flayed ghost
 10771 | D:8      | Found a bloodstained altar of Trog.
 10807 | D:8      | Learned a level 4 spell: Flame Wave
 10818 | D:8      | Offered knowledge of Stone Arrow by Vehumet.
 10960 | D:8      | Found an ancient bone altar of Kikubaaqudgha.
 10970 | D:8      | Reached *** piety under Vehumet
 10971 | D:8      | Reached skill level 1 in Fire Magic
 11021 | D:8      | Found a glowing golden altar of the Shining One.
 11530 | D:9      | Offered knowledge of Frozen Ramparts by Vehumet.
 12166 | D:9      | Found a shimmering blue altar of Sif Muna.
 12435 | D:9      | Noticed a boulder beetle
 12966 | D:9      | Killed a boulder beetle
 13100 | D:9      | Found a broken altar of Ashenzari.
 13284 | Lair:1   | Entered Level 1 of the Lair of Beasts
 13334 | Lair:1   | Noticed a cane toad
 13338 | Lair:1   | Noticed a catoblepas
 13399 | Lair:1   | Noticed a four-headed hydra
 13443 | Lair:1   | Noticed a cane toad
 13454 | D:8      | Killed a four-headed hydra
 13455 | D:8      | Reached skill level 5 in Fighting
 13648 | D:8      | Killed a cane toad
 13649 | D:8      | Reached skill level 5 in Air Magic
 13649 | D:8      | Reached XP level 11. HP: 54/86 MP: 19/19
 13859 | Lair:1   | Killed a catoblepas
 13860 | Lair:1   | Reached skill level 5 in Poison Magic
 14171 | Lair:1   | Learned a level 3 spell: Frozen Ramparts
 14277 | Lair:1   | Reached skill level 5 in Dodging
 14320 | Lair:1   | Reached skill level 11 in Conjurations
 14324 | Lair:1   | Noticed Grum
 14335 | Lair:1   | Killed Grum
 14335 | Lair:1   | Reached **** piety under Vehumet
 14336 | Lair:1   | Reached skill level 1 in Ice Magic
 14629 | Lair:1   | Offered knowledge of Conjure Flame by Vehumet.
 15151 | Lair:1   | Found a transporter.
 15157 | Lair:1   | Noticed a swamp dragon
 15908 | Lair:1   | Identified the +4 long sword of Joyful Slaughter {venom,
                  | rCorr MP+9}
 15973 | Lair:1   | Found a transporter.
 16737 | Lair:2   | Noticed a death yak
 16737 | Lair:2   | Noticed a death yak
 16737 | Lair:2   | Noticed a death yak
 16737 | Lair:2   | Noticed a death yak
 16758 | Lair:2   | Killed a death yak
 16781 | Lair:2   | Reached XP level 12. HP: 72/94 MP: 5/21
 17019 | Lair:2   | Noticed a boulder beetle
 17024 | Lair:2   | Reached skill level 5 in Fire Magic
 18212 | Lair:2   | Killed a boulder beetle
 18263 | Lair:2   | Killed a death yak
 18429 | Lair:2   | Noticed a death yak
 18432 | Lair:2   | Noticed a death yak
 18439 | Lair:2   | Killed a death yak
 18440 | Lair:2   | Reached skill level 12 in Conjurations
 18441 | Lair:2   | Killed a death yak
 18442 | Lair:2   | Reached skill level 5 in Ice Magic
 18443 | Lair:2   | Killed a death yak
 18450 | Lair:2   | Killed a death yak
 19081 | Lair:3   | Noticed a seven-headed hydra
 19094 | Lair:3   | Killed a seven-headed hydra
 19130 | Lair:3   | Noticed Gastronok
 19324 | Lair:2   | Reached skill level 1 in Evocations
 19536 | Lair:3   | Killed Gastronok
 20023 | Lair:3   | Identified the +7 trident of Xuolaepie {flame, rPois rF+
                  | rC++ Dex-3}
 20636 | Lair:3   | You fall into a shaft and drop 1 floor!
 20709 | Lair:4   | Noticed a catoblepas
 20710 | Lair:4   | Reached XP level 13. HP: 81/102 MP: 22/22
 20750 | Lair:4   | Reached ***** piety under Vehumet
 20765 | Lair:4   | Offered knowledge of Fireball by Vehumet.
 20776 | Lair:4   | HP: 4/102 [blink frog (10)]
 20779 | Lair:4   | Slain by a blink frog

Illustrated notes

Levels and vault maps discovered:
D:1:      sevenhm_arrival_forest_fort_small_5, layout_loops_ring,
          hellmonk_ecumenical_altar_run_dry
D:2:      layout_loops_ring, basic_altar, wander_ebering_terrifying_dragon_lair
D:3:      layout_loops_cross, grunt_ministairs_11
D:4:      layout_loops_ring, nicolae_elyvilon_temple_path,
          mainiacjoe_overflow_two_lobes, serial_shops, shop, uniq_robin
D:5:      layout_loops_ring, lexackson_kobold_supper
D:6:      layout_cave_pools, mainiacjoe_overflow_surrounded_room,
          minmay_temple_entry_crystal_x
D:7:      layout_basic, nicolae_ru_sacrificial_ziggurat,
          mainiacjoe_overflow_alcove_2, serial_shops, nicolae_stop_n_shop_1,
          grunt_decor_resistance
D:8:      due_megacathedral, layout_loops_ring, lemuel_doored_altar,
          mainiacjoe_overflow_brackets, dpeg_oklobed_lair, minmay_ruffians
D:9:      layout_cross, nicolae_ashenzari_skybound, mainiacjoe_overflow_alcove_1
Temple:   minmay_freezing_vapour_temple
Lair:1:   gammafunk_cloud_chamber, layout_layer_cave,
          nicolae_lair_grazing_beasts [nicolae_sub_lair_graze_edge,
          nicolae_sub_lair_graze_edge, nicolae_sub_lair_graze_edge,
          nicolae_sub_lair_graze_edge], grunt_megastairs_2, lemuel_fruit_fields,
          uniq_grum
Lair:2:   layout_loops_ring, grunt_megastairs_5, lemuel_fruit_fields,
          lemuel_fruit_fields, infiniplex_staircase_pool
Lair:3:   layout_long_grid, minmay_snake_entry_six_corridors,
          grunt_megastairs_4, uniq_gastronok
Lair:4:   layout_small_grid, nicolae_swamp_entry_splash_gauntlet,
          beast_lair_carwin_6, grunt_megastairs_3

Skill      XL: |  1  2  3  4  5  6  7  8  9 10 11 12 |
---------------+-------------------------------------+-----
Conjurations   | 5 6 7 8 9 10 11 12 | 12.5
Translocations | 1 3 5 6 7 8 9 |  9.0
Spellcasting   | 3 4 5 6 |  6.5
Air Magic      | 2 3 5 6 8 |  8.2
Dodging        | 2 3 4 5 |  5.6
Fighting       | 1 3 5 |  5.9
Poison Magic   | 2 4 6 |  6.0
Fire Magic     | 2 4 6 |  6.0
Ice Magic      | 3 6 |  6.1
Evocations     | 2 |  2.5
Stealth        | |  1.7

Action                   |  1- 3 |  4- 6 |  7- 9 | 10-12 | 13-15 || total
-------------------------+-------+-------+-------+-------+-------++-------
Melee: Whip              |    18 |     8 |       |       |       ||    26
       Tailslap          |     2 |     2 |     2 |     8 |       ||    14
       Punch             |       |     1 |       |       |       ||     1
       Dagger            |       |       |    20 |       |       ||    20
       Staff             |       |       |       |    21 |       ||    21
       Long sword        |       |       |       |     4 |       ||     4
       Trident           |       |       |       |    22 |     5 ||    27
 Cast: Magic Dart        |    83 |    57 |    74 |    81 |       ||   295
       Searing Ray       |     4 |    15 |    53 |    90 |     3 ||   165
       Poisonous Vapours |       |       |    28 |    73 |    16 ||   117
       Iskenderun's Myst |       |       |       |    42 |     1 ||    43
       Frozen Ramparts   |       |       |       |    29 |       ||    29
       Flame Wave        |       |       |       |     7 |       ||     7
 Abil: Breathe Noxious F |       |       |     4 |     5 |       ||     9
  Use: Scroll            |     2 |     1 |    13 |     3 |       ||    19
       Potion            |     1 |       |       |     1 |       ||     2
 Stab: Sleeping          |       |       |       |     1 |       ||     1
Armor: Skin              |     8 |    20 |    22 |    77 |     2 ||   129
Dodge: Dodged            |    21 |    62 |   118 |   292 |     7 ||   500
